 Dungeon Crawl Stone Soup version 0.21.1-1-g345015f (webtiles) character file.

514 Monsterracer the Ruffian (level 7, 0/42 HPs)
             Began as a Gargoyle Venom Mage on Feb 11, 2018.
             Was an Initiate of Zin.
             Killed from afar by kalagan's ghost (9 damage)
             ... with a stone arrow
             ... on level 5 of the Dungeon.
             The game lasted 00:06:23 (5748 turns).

Monsterracer the Ruffian (Gargoyle Venom Mage)      Turns: 5748, Time: 00:06:24

Health: 0/42       AC: 13    Str: 13    XL:     7   Next: 20%
Magic:  10/10      EV: 10    Int: 16    God:    Zin [......]
Gold:   14         SH:  0    Dex: 10    Spells: 10/10 levels left

rFire    . . .     SeeInvis .     - Unarmed
rCold    . . .     Gourm    .   (no shield)
rNeg     + . .     Faith    .   g - +0 ring mail
rPois    ∞         Spirit   .   (no helmet)
rElec    +         Reflect  .   (no cloak)
rCorr    .         Harm     .   b - +1 pair of gloves
MR       .....                  l - +0 pair of boots
Stlth    ++........             (no amulet)
HPRegen  0.14/turn              a - ring of wizardry
MPRegen  0.12/turn              o - ring of stealth

@: no status effects
A: negative energy resistance 1, electricity resistance, unbreathing,
petrification resistance, rot immunity, AC +4
a: Donate Gold, Renounce Religion


You were on level 5 of the Dungeon.
You worshipped Zin.
Zin was noncommittal.
You were not hungry.

You visited 2 branches of the dungeon, and saw 6 of its levels.

You collected 230 gold pieces.
You spent 215 gold pieces at shops.
You donated 1 gold pieces to Zin.

Inventory:

Armour
 b - a +1 pair of gloves (worn)
 g - a +0 ring mail (worn)
 l - a +0 pair of boots (worn)
Jewellery
 a - a ring of wizardry (left hand)
 o - a ring of stealth (right hand)
Wands
 k - a wand of iceblast (13)
 q - a wand of polymorph (17)
Scrolls
 d - 3 scrolls of blinking
 e - 8 scrolls of teleportation
 f - a scroll of magic mapping {!r}
 i - 2 scrolls of remove curse
Potions
 j - a potion of lignification {unknown}
 m - 2 potions of heal wounds
 r - 2 potions of flight
 u - a potion of ambrosia {unknown}
Comestibles
 c - 4 rations


   Skills:
 + Level 3.6 Fighting
 + Level 2.6 Armour
 - Level 1.5 Dodging
 - Level 2.1 Stealth
 * Level 5.6 Unarmed Combat
 - Level 2.0 Spellcasting
   Level 1.1 Conjurations
   Level 3.0 Poison Magic
 + Level 0.0 Invocations


You had 10 spell levels left.
You didn't know any spells.

Dungeon Overview and Level Annotations

Branches:
Dungeon (5/15)             Temple (1/1) D:5

Altars:
Cheibriados
Dithmenos
Elyvilon
Fedhas
Gozag
Hepliaklqana
Kikubaaqudgha
Makhleb
Qazlal
Ru
Uskayaw
Vehumet
Wu Jian
Zin

Shops:
D:4 ?

Annotations:
D:5 kalagan's ghost, novice GrEE


Innate Abilities, Weirdness & Mutations

You are resistant to torment.
Your stone body is resilient. (AC +4)
You are immune to poison.
You resist negative energy. (rN+)
You are resistant to electric shocks. (rElec)
You can survive without breathing.
You are immune to petrification.
You are immune to rotting.


Message History

You completely miss the bullfrog skeleton.
The bullfrog skeleton barely misses you.
The bullfrog skeleton hits you but does no damage.
You barely miss the bullfrog skeleton.
The bullfrog skeleton barely misses you.
You punch the bullfrog skeleton!
The bullfrog skeleton is heavily damaged.
The bullfrog skeleton hits you but does no damage.
You barely miss the bullfrog skeleton.
The bullfrog skeleton is heavily damaged.
The bullfrog skeleton hits you.
You take 1 damage, and have 40/41 hp.
You hit the bullfrog skeleton.
The bullfrog skeleton is severely damaged.
The bullfrog skeleton barely misses you.
You hit the bullfrog skeleton.
The bullfrog skeleton is almost destroyed.
The bullfrog skeleton hits you.
The bullfrog skeleton completely misses you.
You take 5 damage, and have 35/41 hp.
You punch the bullfrog skeleton!
You destroy the bullfrog skeleton!
No target in view!
No target in view!
(D) Dungeon (T) Temple
Where to? (Enter - Temple, ? - help) Eating one of 2 chunks of flesh.
You eat one of the 2 chunks of flesh.
This raw flesh tastes terrible.
There is a fountain of clear blue water here.
There is a staircase to the Ecumenical Temple here.
You climb downwards.
Welcome to the Ecumenical Temple!
Found six altars.
There is a staircase back to the Dungeon here.
You regained 3 hp, and now have 39/42 hp.
HP restored.
Found two altars.
Health restored: 42
Found a blossoming altar of Fedhas.
Found an opulent altar of Gozag.
There is a stormy altar of Qazlal here.
Found a sacrificial altar of Ru.
Found a hazy altar of Hepliaklqana.
There is a burning altar of Makhleb here.
Found a shadowy altar of Dithmenos.
Found a white marble altar of Elyvilon.
There is a hide-covered altar of Uskayaw here.
Done exploring.
There is an ancient bone altar of Kikubaaqudgha here.
There is a stormy altar of Qazlal here.
There is a glowing silver altar of Zin here.
You kneel at the altar of Zin.
Zin welcomes you!
You pay a tithe of 1 gold.
You can now donate money to Zin.
There is a staircase back to the Dungeon here.
You climb upwards.
Welcome back to the Dungeon!
Level annotation: kalagan's ghost, novice GrEE
There is a staircase to the Ecumenical Temple here.
There is a fountain of clear blue water here.
Found an escape hatch in the floor.
No target in view!
Found a stone staircase leading down.
No target in view!
No target in view!
All of the chunks of flesh in your inventory have rotted away.
Found a stone staircase leading down.
An orc comes into view.
An orc is nearby!
The orc closely misses you.
Kalagan's ghost turns its malevolent gaze towards you.
You hit the orc.
The orc is lightly wounded.
The orc hits you but does no damage.
You closely miss the orc.
The orc is lightly wounded.
The orc closely misses you.
You barely miss the orc.
The orc is lightly wounded.
The orc closely misses you.
You closely miss the orc.
The orc is lightly wounded.
You hit the orc but do no damage.
The orc is lightly wounded.
Kalagan's ghost gestures at you while chanting.
The stone arrow hits you!
Ouch! That really hurt!
* * * LOW HITPOINT WARNING * * *
The orc hits you but does no damage.
You take 25 damage, and have 17/42 hp.
MASSIVE DAMAGE!!
Kalagan's ghost gestures at you while chanting.
The stone arrow hits you!
* * * LOW HITPOINT WARNING * * *
You take 9 damage, and have 8/42 hp.
MASSIVE DAMAGE!!
Kalagan's ghost casts a spell at you. The blast of sand hits you!
Kalagan's ghost casts a spell at you. The blast of sand hits you!
Kalagan's ghost points at you and mumbles some strange words.
The stone arrow hits you!
You die...

##..## #..## #.⌠...⌠..
##....##
#...####...#...#
##..#...#
##..##.######.##
##..###..##
#.....#...#...# ##.W##
###.## #.......⌠...⌠..
..o## ##o###
##.<.##...#...# #..##
##W.## #...#######.##
##..#
###.#####...##...#...#
#..##
##.@#.....##.>...⌠..
##..#
##........#...#...#
#8..8#
##...##..#########
#...>..#
######........#
........# #......###
.#8..8#.# ##....##
.##..##.# ##...# #...
. #...# .... . ##..#


You could see kalagan's ghost and an orc.

Vanquished Creatures
  2 howler monkeys (D:4)
  2 bullfrog skeletons
  A centaur skeleton (D:4)
  Jessica (D:2)
  An iguana (D:4)
  Ijyb (D:3)
  2 worker ants (D:4)
  A hound skeleton (D:4)
  5 adders
  10 river rats
  An ooze (D:3)
  3 worms
  A dart slug (D:1)
  2 leopard geckos
  An orc (D:4)
  2 ball pythons (D:2)
  6 giant cockroaches
  7 goblins
  2 hobgoblins (D:1)
  7 jackals
  7 bats (D:1)
  2 frilled lizards (D:1)
  A jackal skeleton (D:4)
  6 kobolds
  13 rats
87 creatures vanquished.

Notes
Turn   | Place    | Note
-------+----------+-------------------------------------------
     0 | D:1      | Monsterracer the Gargoyle Venom Mage began the quest for the Orb.
     0 | D:1      | Reached XP level 1. HP: 10/10 MP: 3/3
   181 | D:1      | Reached skill level 1 in Unarmed Combat
   367 | D:1      | HP: 3/10 [goblin (3)]
   369 | D:1      | Reached XP level 2. HP: 4/15 MP: 5/5
   814 | D:1      | Reached skill level 2 in Unarmed Combat
  1186 | D:1      | Reached XP level 3. HP: 18/19 MP: 6/6
  1509 | D:2      | HP: 9/20 [worm (2)]
  1795 | D:2      | HP: 10/20 [worm (2)]
  2200 | D:2      | Reached skill level 1 in Fighting
  2431 | D:2      | Reached skill level 3 in Unarmed Combat
  2581 | D:2      | Noticed Jessica
  2585 | D:2      | HP: 10/20 [Jessica/dagger (3)]
  2599 | D:2      | Killed Jessica
  2599 | D:2      | Reached XP level 4. HP: 14/25 MP: 7/7
  3112 | D:3      | Noticed Ijyb
  3142 | D:3      | Killed Ijyb
  3182 | D:3      | Reached XP level 5. HP: 29/30 MP: 8/8
  3284 | D:3      | Reached skill level 4 in Unarmed Combat
  3852 | D:4      | Reached skill level 1 in Armour
  3936 | D:4      | Reached XP level 6. HP: 32/36 MP: 9/9
  4225 | D:4      | HP: 16/37 [river rat (4)]
  4239 | D:4      | HP: 6/37 [river rat (3)]
  4245 | D:4      | HP: 3/37 [river rat (4)]
  4286 | D:3      | Reached skill level 5 in Unarmed Combat
  5003 | D:4      | Reached XP level 7. HP: 36/41 MP: 10/10
  5266 | D:4      | Found Ryzyphuy's Magic Scroll Shoppe.
  5273 | D:4      | Bought a scroll of blinking for 75 gold pieces
  5273 | D:4      | Bought a scroll of enchant armour for 75 gold pieces
  5273 | D:4      | Bought a scroll of teleportation for 30 gold pieces
  5437 | D:4      | Bought a scroll of magic mapping for 35 gold pieces
  5459 | D:5      | Entered Level 5 of the Dungeon
  5490 | D:5      | Noticed kalagan's ghost (novice GrEE)
  5522 | D:5      | Found a staircase to the Ecumenical Temple.
  5565 | Temple   | Entered the Ecumenical Temple
  5675 | Temple   | Became a worshipper of Zin the Law-Giver
  5730 | D:5      | HP: 17/42 [kalagan's ghost/stone arrow (25)]
  5734 | D:5      | HP: 8/42 [kalagan's ghost/stone arrow (10)]
  5748 | D:5      | Killed from afar by kalagan's ghost

Skill      XL: |  1  2  3  4  5  6 |
---------------+-------------------+-----
Unarmed Combat | 1 2 3 4 5 |  5.6
Fighting       | 1 2 3 |  3.6
Armour         | 1 2 |  2.6
Dodging        | |  1.5
Stealth        | |  2.1
Spellcasting   | |  2.0
Conjurations   | |  1.1
Poison Magic   | |  3.0

Action                   |  1- 3 |  4- 6 |  7- 9 || total
-------------------------+-------+-------+-------++-------
Melee: Unarmed           |   167 |   306 |    49 ||   522
       Punch             |     4 |     2 |     2 ||     8
 Cast: Sting             |    29 |       |       ||    29
  Use: Scroll            |       |       |     9 ||     9
 Stab: Sleeping          |     1 |     4 |       ||     5
  Eat: Chunk             |     5 |     6 |     2 ||    13
       Ration            |       |     1 |       ||     1
Armor: Robe              |    30 |       |       ||    30
       Ring mail         |    41 |   134 |    19 ||   194
Dodge: Dodged            |   118 |   140 |    24 ||   282

Vault maps used:
D:1:      dpeg_arrival_water_fire
D:2:      uniq_jessica
D:3:      uniq_ijyb
D:4:      first_ration, serial_shops, nicolae_shop_trees, dk_rats_in_the_wall
D:5:      minmay_temple_entry_nine_rooms, st_stairs_6
Temple:   eino_temple_lava
